 Dungeon Crawl Stone Soup version 0.18-a0-5-gf1fb587 (webtiles) character file.

123 st0uf the Ruffian (level 5, 0/50 HPs)
             Began as a Naga Monk on Oct 31, 2015.
             Slain by an orc priest
             ... wielding a cursed -1 hand axe
              (2 damage)
             ... on level 3 of the Dungeon.
             The game lasted 00:10:32 (1805 turns).

st0uf the Ruffian (Naga Monk)                       Turns: 1805, Time: 00:10:32

Health: 0/50       AC:  6    Str: 14    XL:     5   Next: 7%
Magic:  5/5        EV: 11    Int:  6    God:
Gold:   117        SH:  0    Dex: 13    Spells: 0 memorised, 4 levels left

rFire  . . .     SeeInvis +       - Unarmed
rCold  . . .     Clarity  .     a - +0 robe
rNeg   . . .     SustAt   .     (no shield)
rPois  +         Gourm    .     (no helmet)
rElec  .         Spirit   .     (no cloak)
rCorr  .         Warding  .     h - +1 pair of gloves
rMut   .         Stasis   .     (no barding)
MR     .....                    (no amulet)
Stlth  ++++......               m - -5 ring of intelligence (curse)
                                g - ring of stealth

@: short of breath, very slow, not resistant to hostile enchantments, stealthy
A: thin metallic scales 1, see invisible, deformed body, poison resistance,
slowness 2, slow metabolism 1, spit poison 2, no device heal 1, AC +1
a: Spit Poison


You were on level 3 of the Dungeon.
You were hungry.

You visited 1 branch of the dungeon, and saw 3 of its levels.

You collected 117 gold pieces.

Inventory:

Armour
 a - a +0 robe (worn)
 h - a +1 pair of gloves (worn)
Jewellery
 g - a ring of stealth (left hand)
 m - a cursed -5 ring of intelligence (right hand)
Scrolls
 d - 4 scrolls of identify
 i - 3 scrolls of amnesia
 k - a scroll of fear
Potions
 e - a potion of magic {unknown}
 j - 2 potions of mutation
 l - 2 potions of lignification
 n - a potion of flight {unknown}
Comestibles
 b - 2 bread rations
 c - a royal jelly
 f - 3 chunks of flesh


   Skills:
 + Level 3.7 Fighting
 + Level 3.2 Dodging
 + Level 3.8 Stealth
 + Level 4.9 Unarmed Combat


You had 4 spell levels left.
You didn't know any spells.

Dungeon Overview and Level Annotations

Branches:
Dungeon (3/15)

Altars:
Elyvilon
Nemelex Xobeh
Yredelemnul


Innate Abilities, Weirdness & Mutations

You cannot wear boots.
Your serpentine skin is tough (AC +1).
You have supernaturally acute eyesight.
Armour fits poorly on your strangely shaped body.
Your system is resistant to poisons.
You cover ground very slowly.
You have a slow metabolism.
You can spit poison.
You are partially covered in thin metallic scales (AC +2).
Potions and wands are less effective at restoring your health.


Message History

Aim: an orc priest, wielding a hand axe (moderately wounded)
The splash of poison hits the orc priest.
The orc priest is moderately wounded.
You feel slightly more hungry.
The orc priest mumbles some strange prayers to Beogh against you.
You struggle to resist.
You hit the orc priest but do no damage.
The orc priest is moderately wounded.
The orc priest looks braver for a moment.
You completely miss the orc priest.
The orc priest is moderately wounded.
The orc priest calls down the wrath of Beogh upon you.
Something smites you!
* * * LOW HITPOINT WARNING * * *
Drink which item? (? for menu, Esc to quit)
It was a potion of mutation.
You feel extremely strange.
Your system partially rejects artificial healing.
Thin metallic scales grow over part of your body.
The orc priest hits you with a hand axe.
You die...

################..
....rSo@......#...
.....########.#..#
### #.#..# #.#..#
#.#..# ##.#..#
#.....#
#.#...#####.#
.#............


You could see an orc priest, an adder and a rat.

Vanquished Creatures
  2 orc wizards (D:3)
  2 adders (D:2)
  3 worms (D:2)
  A giant gecko (D:2)
  2 orcs (D:3)
  7 giant cockroaches
  2 gnoll zombies (D:2)
  3 hobgoblins (D:2)
  4 jackals (D:2)
  5 kobolds
  4 bats
  3 giant newts
  3 goblins (D:1)
  A quokka skeleton (D:3)
  3 rats
45 creatures vanquished.

Vanquished Creatures (others)
  A quokka (D:2)
1 creature vanquished.

Grand Total: 46 creatures vanquished

Notes
Turn   | Place    | Note
--------------------------------------------------------------
     0 | D:1      | st0uf the Naga Monk began the quest for the Orb.
     0 | D:1      | Reached XP level 1. HP: 21/21 MP: 1/1
    46 | D:1      | Found a sparkling altar of Nemelex Xobeh.
   318 | D:1      | Reached XP level 2. HP: 28/28 MP: 2/2
  1067 | D:2      | Reached XP level 3. HP: 34/34 MP: 3/3
  1248 | D:2      | Found a white marble altar of Elyvilon.
  1254 | D:2      | Found a basalt altar of Yredelemnul.
  1574 | D:2      | Reached XP level 4. HP: 35/42 MP: 4/4
  1580 | D:2      | Found a basalt altar of Yredelemnul.
  1796 | D:3      | Reached XP level 5. HP: 18/50 MP: 5/5
  1804 | D:3      | HP: 2/50 [orc priest/divine providence (13)]
  1805 | D:3      | Gained mutation: Potions and wands are less effective at restoring your health. [potion of mutation]
  1805 | D:3      | Gained mutation: You are partially covered in thin metallic scales (AC +2). [potion of mutation]
  1805 | D:3      | Slain by an orc priest

Vault maps used:
D:1:      roderic_crossed_star, nemelex_xobeh_ov_fountains_minmay
D:2:      lemuel_zombie_altar_yredelemnul, elyvilon_altar_4, first_bread,
          yredelemnul_altar_generic
D:3:      st_stairs_10

Action                   |  1- 3 |  4- 6 || total
-------------------------+-------+-------++-------
Melee: Unarmed           |    61 |    36 ||    97
 Abil: Spit Poison       |    32 |    12 ||    44
  Use: Scroll            |     6 |       ||     6
       Potion            |       |     1 ||     1
 Stab: Sleeping          |     2 |     1 ||     3
       Distracted        |     1 |       ||     1
  Eat: Chunk             |     3 |     1 ||     4
